 Dungeon Crawl Stone Soup version 0.27.1-34-g3ba077fa99 (webtiles) character file.

Game seed: 11697139826974343798

230617 chibimon the Gelid (level 18, -7/146 (151) HPs)
             Began as a Black Draconian Ice Elementalist on Jan 5, 2022.
             Was the Champion of Vehumet.
             Shot with an arrow by something (21 damage)
             ... on level 1 of the Elven Halls.
             The game lasted 05:31:12 (37054 turns).

chibimon the Gelid (DrIE)                          Turns: 37054, Time: 05:31:12

HP:   -7/146 (151)  AC: 21    Str:  7    XL:     18   Next: 33%
MP:   13/35         EV: 17    Int: 20    God:    Vehumet [******]
Gold: 1953          SH: 14    Dex: 13    Spells: 7/43 levels left

rFire    + + +     SeeInvis .   k - staff of cold
rCold    + . .     Faith    .   B - +3 warlock's mirror {reflect}
rNeg     + . .     Spirit   .   (armour unavailable)
rPois    +         Reflect  +   (helmet restricted)
rElec    +         Harm     .   e - +2 cloak {rPois}
rCorr    .         Rampage  .   d - +1 pair of gloves
Will     +....     NoTele   +   a - +1 pair of boots
Stlth    ++........             x - amulet "Ecsok" {Reflect -Tele Fly rF+++ Str-4 SH+5}
HPRegen  1.34/turn              t - ring of Xom's Bemusement {rF+ rN+ Slay+4}
MPRegen  0.24/turn              Z - +4 ring of protection

@: brilliant, flying, lightly drained
A: breathe lightning, AC +10, unfitting armour, big wings, electricity
resistance, cold-blooded, dopey 1, regeneration 1
}: 2/15 runes: decaying, serpentine
a: Breathe Lightning, Renounce Religion


You were on level 1 of the Elven Halls.
You worshipped Vehumet.
Vehumet was exalted by your worship.
You visited 7 branches of the dungeon, and saw 31 of its levels.
You also visited: Bailey, Ice Cave and Volcano.

You collected 3436 gold pieces.
You spent 1483 gold pieces at shops.

Inventory:

Missiles
 n - a throwing net
Armour
 a - a +1 pair of boots (worn)
 d - a +1 pair of gloves (worn)
 e - a +2 cloak of poison resistance (worn)
 B - the +3 warlock's mirror (worn) {reflect}
   (You found it on level 1 of the Swamp)

   It can block and reflect piercing ranged attacks and magical attacks against
   the wielder's willpower.
 K - a +0 kite shield of protection
 O - a scarf of resistance
 T - a +2 buckler of cold resistance
Magical Staves
 k - a staff of cold (weapon)
 u - a staff of air
Jewellery
 c - a ring of resist corrosion
 h - a ring of ice
 j - a ring of wizardry
 l - a ring of protection from fire
 o - the ring of the Lobster {Fly rC- Will+ Str+6}
   (You found it on level 10 of the Dungeon)

   [ring of strength]

   Str:       It affects your strength (+6).
   rC:        It makes you vulnerable to cold.
   Fly:       It grants you flight.
   Will:      It increases your willpower.
 t - the ring of Xom's Bemusement (left hand) {rF+ rN+ Slay+4}
   (You acquired it on level 5 of the Lair of Beasts)

   [ring of slaying]

   Slay:      It affects your accuracy & damage with ranged weapons and melee
   (+4).
   rF:        It protects you from fire.
   rN:        It protects you from negative energy.
 w - a ring of protection from cold
 x - the amulet "Ecsok" (around neck) {Reflect -Tele Fly rF+++ Str-4 SH+5}
   (You acquired it in an ice cave)

   [amulet of reflection]

   It reflects blocked missile attacks.
   Str:       It affects your strength (-4).
   rF:        It renders you almost immune to fire.
   Fly:       It grants you flight.
   -Tele:     It prevents most forms of teleportation.
   SH:        It affects your SH (+5).
 z - a +6 ring of intelligence
 D - a +4 ring of slaying
 Z - a +4 ring of protection (right hand)
Wands
 q - a wand of paralysis (7)
 y - a wand of polymorph (34)
 A - a wand of acid (6)
 C - a wand of flame (33)
 P - a wand of iceblast (13)
 S - a wand of digging (15)
 Y - a wand of charming (8)
Scrolls
 b - 17 scrolls of identify
 m - 11 scrolls of teleportation
 p - 4 scrolls of magic mapping
 r - 2 scrolls of blinking
 v - 5 scrolls of fear
 E - 4 scrolls of enchant weapon
 F - a scroll of holy word
 N - 4 scrolls of immolation
 R - 5 scrolls of amnesia
 X - 3 scrolls of fog
Potions
 f - 3 potions of might
 g - 7 potions of attraction
 i - 7 potions of curing
 s - a potion of cancellation
 W - 6 potions of mutation
Miscellaneous
 G - a lightning rod (4/4)


   Skills:
 - Level 11.0 Fighting
 - Level 1.3 Short Blades
 - Level 1.1(3.2) Polearms
 - Level 4.9(5.0) Staves
 + Level 11.3 Dodging
 - Level 2.0 Stealth
 - Level 9.1 Shields
 - Level 13.1 Spellcasting
 - Level 13.4 Conjurations
 * Level 15.4 Ice Magic
 * Level 12.1 Air Magic
 - Level 10.1 Evocations


You had 7 spell levels left.
You knew the following spells:

 Your Spells              Type           Power      Damage    Failure   Level
b - Frozen Ramparts       Ice            100%       1d12      1%          3
c - Ozocubu's Armour      Ice            100%       N/A       1%          3
d - Hailstorm             Conj/Ice       100%       3d20      1%          4
e - Sticky Flame          Conj/Fire      57%        2d7       1%          4
f - Freezing Cloud        Conj/Ice/Air   50%        6-21      1%          5
g - Fireball              Conj/Fire      28%        3d12      2%          5
h - Iskenderun's Mystic   Conj/Tloc      57%        2d12      1%          4
i - Airstrike             Air            37%        N/A       1%          4
k - Summon Ice Beast      Ice/Summ       78%        N/A       1%          4

Your spell library contained the following spells:

 Spells                   Type           Power      Damage    Failure   Level
 Maxwell's Capacitive Co  Air            37%        ∞         47%         8
 Freeze                   Ice            100%       1d11      0%          1
 Foxfire                  Conj/Fire      100%       2x1d9     1%          1
 Shock                    Conj/Air       100%       1d9       1%          1
 Corpse Rot               Necr/Air       N/A        N/A       1%          2
 Ensorcelled Hibernation  Hex/Ice        100%       N/A       1%          2
 Conjure Flame            Conj/Fire      57%        6-21      1%          3
 Stone Arrow              Conj/Erth      100%       3d13      1%          3
 Swiftness                Air            75%        N/A       1%          3
 Fulminant Prism          Conj/Hex       28%        3d14      1%          4
 Ice Form                 Ice/Tmut       78%        N/A       1%          4
 Apportation              Tloc           38%        N/A       4%          1
 Corona                   Hex            21%        N/A       4%          1
 Ignite Poison            Fire/Tmut/Pois 19%        N/A       4%          3
 Inner Flame              Hex/Fire       19%        N/A       4%          3
 Bolt of Magma            Conj/Fire/Erth 23%        4d11      6%          5
 Blink                    Tloc           N/A        N/A       8%          2
 Starburst                Conj/Fire      28%        6d9       13%         6
 Call Canine Familiar     Summ           19%        N/A       16%         3
 Gell's Gravitas          Tloc           9%         N/A       16%         3
 Lesser Beckoning         Tloc           9%         N/A       16%         3
 Portal Projectile        Hex/Tloc       38%        N/A       16%         3
 Teleport Other           Tloc           19%        N/A       16%         3
 Tukima's Dance           Hex            19%        N/A       16%         3
 Lee's Rapid Deconstruct  Erth           9%         3d8*      32%         5
 Simulacrum               Ice/Necr       39%        N/A       32%         6
 Dispel Undead            Necr           19%        3d11      45%         4
 Leda's Liquefaction      Hex/Erth       9%         N/A       45%         4
 Alistair's Intoxication  Tmut/Pois      12%        N/A       80%         5
 Manifold Assault         Tloc           19%        N/A       80%         5
 Death Channel            Necr           9%         N/A       100%        6
 Dispersal                Tloc           9%         N/A       100%        6
 Invisibility             Hex            9%         N/A       100%        6
 Statue Form              Tmut/Erth      12%        N/A       100%        6
 Polar Vortex             Ice            53%        N/A       88%         9
 Lehudib's Crystal Spear  Conj/Erth      28%        10d8      99%         8
 Borgnjor's Revivificati  Necr           9%         N/A       100%        8
 Disjunction              Tloc           9%         N/A       100%        8
 Necromutation            Tmut/Necr      9%         N/A       100%        8
 Death's Door             Necr           9%         N/A       100%        9
 Animate Armour           Summ/Erth      Unusable   N/A       N/A         4

Dungeon Overview and Level Annotations

Branches:
Dungeon (13/15)            Temple (1/1) D:5            Lair (6/6) D:9
  Swamp (4/4) Lair:4        Snake (4/4) Lair:2        Slime (0/5) Lair:5
    Orc (2/2) D:11            Elf (1/3) Orc:2        Bailey (visited)
  IceCv (visited)         Volcano (visited)
 Vaults: D:13-14

Altars:
Ashenzari
Elyvilon
Fedhas
Gozag
Hepliaklqana
Kikubaaqudgha
Makhleb
Nemelex Xobeh
Okawaru
Qazlal
Ru
Sif Muna
Trog
Uskayaw
Vehumet
Wu Jian
Xom
Yredelemnul
The Shining One

Shops:
D:1 =   D:4 ?=   D:6 ?   D:8 *   D:10 *   Orc:2 (?(*   Snake:1 [[*   Snake:2 !

Annotations:
D:10 exclusion: obsidian statue
Lair:4 exclusion: orange crystal statue
Lair:6 exclusion: obsidian statue
Snake:1 3 runed translucent doors, exclusion: obsidian statue, Fek's ghost, adept GrBe


Innate Abilities, Weirdness & Mutations

You can breathe wild blasts of lightning.
Your glossy black scales are hard. (AC +10)
You cannot fit into any form of body armour.
Your large and strong wings let you fly.
You are resistant to electric shocks. (rElec)
You are cold-blooded and may be slowed by cold attacks.
You are dopey. (Int -2)
Your natural rate of healing is unusually fast.


Message History

The +4 vorpal halberd hits your deep elf pyromancer!!
The +3 scimitar of protection hits something!
Your deep elf pyromancer hits the +4 vorpal halberd with a +0 rapier.
The +4 vorpal halberd hits your deep elf pyromancer!!
Your deep elf pyromancer dies!
Your deep elf pyromancer's corpse dissolves into shadows!
You hear a shout!
You hear a loud twanging sound.
An arrow appears from out of thin air!
The arrow barely misses you.
You hear a loud twanging sound.
An arrow appears from out of thin air!
You reflect the arrow off your +3 warlock's mirror {reflect}!
You hear a loud twanging sound.
An arrow appears from out of thin air!
You reflect the arrow off your +3 warlock's mirror {reflect}!
An arrow appears from out of thin air!
The arrow hits you!
* * * LOW HITPOINT WARNING * * *
You hear a shout!
You hear the stately tolling of a bell nearby.
You hear a loud twanging sound.
An arrow appears from out of thin air!
The arrow hits you.
* * * LOW HITPOINT WARNING * * *
You hear a loud twanging sound.
An arrow appears from out of thin air!
The arrow hits you!
* * * LOW HITPOINT WARNING * * *
You hear a loud twanging sound.
An arrow appears from out of thin air!
The arrow hits you.
* * * LOW HITPOINT WARNING * * *
You hear a loud twanging sound.
An arrow appears from out of thin air!
The arrow hits you!
* * * LOW HITPOINT WARNING * * *
You hear a loud twanging sound.
An arrow appears from out of thin air!
The arrow hits you!
* * * LOW HITPOINT WARNING * * *
Okay, then.
A deep elf knight comes into view. It is wielding a +0 long sword.
You see here a +0 long sword.
You hear a loud twanging sound.
An arrow appears from out of thin air!
The arrow hits you!!
You die...

.########.###..########.
........#.# #.)# #.
........#.###..# #.
...............# ##
.........###...##
..........#.....##
.................#
.......)..........#
......)@..........+
......)...........#
#.!.....##.......##
..........#.....##
..........##...##
.......... #+##
##....#### #....#.#


There were no monsters in sight!

Vanquished Creatures
  A bone dragon (Lair:4)
  Frances (Swamp:1)
  Donald (Lair:4)
  9 nagarajas
  A frost giant (IceCv)
  Aizul (Snake:2)
  3 bunyips
  3 dire elephants (Lair:6)
  An ettin (Orc:2)
  7 eleionomae
  A fire dragon (Volcano)
  A shambling mangrove (Swamp:3)
  Josephine (Lair:5)
  4 salamander tyrants
  11 hydras
  Fannar (Orc:1)
  7 naga warriors
  4 ghost crabs (Swamp:4)
  A boulder beetle (D:13)
  A spriggan air mage (Swamp:2)
  9 anacondas
  2 centaur warriors (D:13)
  9 alligators
  13 death yaks
  2 two-headed ogres
  A dancing weapon (Elf:1)
  5 orc high priests
  Urug (D:10)
  12 naga sharpshooters
  2 spectral dire elephants (Lair:6)
  10 shock serpents
  A deep elf knight (Elf:1)
  Nergalle (Lair:1)
  5 sun demons (Volcano)
  2 spriggans
  6 goliath frogs
  A death drake (Swamp:1)
  A spectral anaconda (Lair:6)
  7 salamander mystics
  4 swamp dragons
  3 spectral hydras (Swamp:4)
  4 naga ritualists
  6 bog bodies
  2 spriggan druids
  An orc knight (D:13)
  2 deep elf pyromancers (Elf:1)
  Pikel (D:7)
  2 deep elf zephyrmancers (Elf:1)
  6 mana vipers
  An orc sorcerer (Orc:2)
  4 necromancers
  3 ugly things
  40 salamanders
  2 cyclopes
  7 will-o-the-wisps
  9 elephants
  A dire elephant zombie (Lair:6)
  11 guardian serpents
  11 naga magi
  37 black mambas
  A torpor snail (Lair:4)
  11 cane toads
  3 smoke demons (Volcano)
  An ice statue (IceCv)
  4 unseen horrors
  3 gargoyles
  A yaktaur (D:12)
  A bunyip simulacrum (Swamp:2)
  A yaktaur (shapeshifter) (D:13)
  2 kobold demonologists (D:10)
  A tengu conjurer (D:13)
  4 rime drakes
  7 komodo dragons
  A swamp worm zombie (Swamp:4)
  2 bloated husks (Swamp:4)
  4 hydra zombies
  6 tyrant leeches
  5 hornets
  6 trolls
  8 polar bears
  11 blink frogs
  Prince Ribbit (D:7)
  Grinder (D:3)
  2 spectral swamp dragons (Swamp:4)
  4 alligator zombies (Swamp:4)
  A spectral elephant (Lair:6)
  4 slime creatures (D:13)
  Sigmund (D:3)
  3 shadows
  4 wyverns
  5 wraiths
  A dire elephant simulacrum (Lair:6)
  A fire elemental (Elf:1)
  68 yaks
  6 steam dragons
  6 basilisks
  13 vampire mosquitoes
  3 wargs
  18 swamp worms
  A death yak simulacrum (Lair:6)
  30 nagas
  A spectral cane toad (Lair:6)
  A hydra simulacrum (Swamp:2)
  10 water moccasins
  2 hell hounds (Volcano)
  24 orc warriors
  An ice beast (D:7)
  2 black bears
  4 swamp dragon zombies (Swamp:4)
  An alligator simulacrum (Swamp:2)
  2 elephant zombies (Lair:6)
  A sky beast (D:4)
  4 ogres
  37 wolves
  4 centaurs
  3 lemures (D:7)
  3 elephant skeletons (Lair:6)
  9 phantoms
  A kobold brigand (D:10)
  Blork the orc (D:5)
  10 gnoll sergeants
  19 bullfrogs
  A scorpion (D:5)
  A cane toad simulacrum (Lair:6)
  2 wyvern zombies (D:8)
  A wyvern skeleton (D:5)
  12 killer bees
  2 electric eels (Lair:4)
  A lava snake (Snake:1)
  2 centaur zombies
  2 bullfrog zombies (D:5)
  4 hounds
  2 bullfrog skeletons
  2 jellies (D:6)
  A centaur skeleton (D:5)
  6 gnoll shamans (Bailey)
  33 orc priests
  2 iguanas
  A spectral swamp drake (Swamp:4)
  23 orc wizards
  Ijyb (D:4)
  Robin (D:4)
  4 adders
  20 gnolls
  A swamp drake zombie (Swamp:4)
  A white imp (D:8)
  An adder zombie (D:5)
  3 dart slugs
  80 orcs
  3 ball pythons
  9 endoplasms
  5 giant cockroaches
  11 goblins
  8 hobgoblins
  4 jackals (D:2)
  11 kobolds
  4 quokkas
  10 bats
  2 frilled lizards (D:2)
  6 rats
  A butterfly (Lair:1)
987 creatures vanquished.

Vanquished Creatures (collateral kills)
  A hydra (D:12)
  A dancing weapon (Elf:1)
  2 bog bodies
  A swamp dragon (Swamp:2)
  A troll (D:12)
  A water elemental (Elf:1)
  A swamp worm (Swamp:3)
8 creatures vanquished.

Vanquished Creatures (others)
  3 bloated husks (Swamp:4)
  A spriggan (Swamp:4)
  A swamp dragon zombie (Swamp:4)
  A phantom (Swamp:4)
  A bush (D:10)
  16 foxfires
  44 fungi
  27 plants
  31 withered plants (Lair:6)
125 creatures vanquished.

Grand Total: 1120 creatures vanquished

Notes
Turn   | Place    | Note
-------+----------+-------------------------------------------
     0 | D:1      | chibimon the Draconian Ice Elementalist began the quest for
                  | the Orb.
     0 | D:1      | Reached XP level 1. HP: 14/14 MP: 3/3
    13 | D:1      | You fall into a shaft and drop 1 floor!
   432 | D:2      | Reached XP level 2. HP: 20/20 MP: 0/5
  1249 | D:2      | Reached XP level 3. HP: 16/26 MP: 1/6
  1513 | D:1      | Found Hodoabem's Jewellery Boutique.
  1708 | D:1      | Learned a level 3 spell: Frozen Ramparts
  1712 | D:1      | Learned a level 3 spell: Ozocubu's Armour
  2549 | D:3      | HP: 1/27 [orc priest/nerve-wracking pain (11)]
  2552 | D:3      | Gained mutation: You are dopey. (Int -2) [potion of
                  | mutation]
  2552 | D:3      | Gained mutation: Your natural rate of healing is unusually
                  | fast. [potion of mutation]
  2562 | D:3      | Reached XP level 4. HP: 13/34 MP: 1/8
  2631 | D:3      | Found a stormy altar of Qazlal.
  2846 | D:3      | Noticed Sigmund
  2864 | D:3      | Killed Sigmund
  2865 | D:3      | Reached skill level 1 in Fighting
  2865 | D:3      | Reached skill level 1 in Staves
  2865 | D:3      | Reached skill level 5 in Ice Magic
  2865 | D:3      | Reached skill level 1 in Evocations
  2865 | D:3      | Reached XP level 5. HP: 11/40 MP: 2/10
  2865 | D:3      | Reached XP level 6. HP: 13/47 MP: 2/11
  2962 | D:3      | Found a sacrificial altar of Ru.
  3067 | D:3      | Noticed Grinder
  3071 | D:3      | Paralysed by Grinder for 3 turns
  3076 | D:3      | Paralysed by Grinder for 5 turns
  3084 | D:3      | Killed Grinder
  3286 | D:3      | Found a basalt altar of Yredelemnul.
  3437 | D:3      | Learned a level 4 spell: Hailstorm
  3479 | D:4      | Noticed Ijyb
  3489 | D:4      | Killed Ijyb
  3490 | D:4      | Your scales start taking on a glossy black colour.
  3490 | D:4      | Reached XP level 7. HP: 55/55 MP: 2/12
  3490 | D:4      | Gained mutation: You are resistant to electric shocks.
                  | (rElec) [Black Draconian growth]
  3769 | D:4      | Identified the +1 robe of the Hidden Youths {Rampage Will+
                  | Archmagi}
  3779 | D:4      | Reached skill level 1 in Conjurations
  3892 | D:4      | Noticed Robin
  3901 | D:4      | Killed Robin
  4030 | D:4      | Found Fimice's Jewellery Boutique.
  4396 | D:4      | Found Recsoen's Magic Scroll Emporium.
  4402 | D:4      | Bought a scroll of fog for 24 gold pieces
  4402 | D:4      | Bought a scroll of magic mapping for 42 gold pieces
  4402 | D:4      | Bought a scroll of teleportation for 36 gold pieces
  4402 | D:4      | Bought a scroll of noise for 12 gold pieces
  4468 | D:5      | Entered Level 5 of the Dungeon
  4504 | D:5      | Reached skill level 1 in Polearms
  4606 | D:5      | Reached XP level 8. HP: 59/62 MP: 7/14
  4841 | D:5      | Reached skill level 6 in Ice Magic
  4889 | D:5      | Noticed Blork the orc
  5022 | D:5      | Killed Blork the orc
  5154 | D:5      | Reached skill level 1 in Short Blades
  5441 | D:5      | Found a staircase to the Ecumenical Temple.
  5463 | Temple   | Entered the Ecumenical Temple
  5478 | Temple   | Became a worshipper of Vehumet
  5711 | D:6      | Reached skill level 5 in Spellcasting
  6144 | D:6      | Found Coqudiq's Magic Scroll Shop.
  6304 | D:6      | Found an ornate altar of the Wu Jian Council.
  6393 | D:6      | Found a shimmering altar of Xom.
  6482 | D:6      | Bought a scroll of identify for 24 gold pieces
  6482 | D:6      | Bought a scroll of identify for 24 gold pieces
  6649 | D:7      | Reached XP level 9. HP: 64/71 MP: 11/17
  6795 | D:7      | Noticed Prince Ribbit
  6832 | D:7      | Killed Prince Ribbit
  6833 | D:7      | Reached skill level 7 in Ice Magic
  6982 | D:7      | Learned a level 3 spell: Stone Arrow
  7078 | D:7      | Found a flagged portal.
  7091 | Bailey   | Entered a bailey
  7363 | Bailey   | Reached * piety under Vehumet
  7363 | Bailey   | Offered knowledge of Sandblast by Vehumet.
  7551 | Bailey   | Reached skill level 5 in Conjurations
  7730 | Bailey   | Reached skill level 5 in Dodging
  7891 | Bailey   | Identified the +4 kite shield "Zynneleff" {Harm}
  8038 | D:7      | Noticed Pikel
  8119 | D:7      | Killed Pikel
  8320 | D:7      | Reached XP level 10. HP: 80/80 MP: 12/19
  8501 | D:8      | Reached skill level 8 in Ice Magic
  8523 | D:8      | Found Lufoeg's Assorted Antiques.
  8534 | D:8      | Bought a bubbling grey potion for 24 gold pieces
  8534 | D:8      | Bought a scroll labelled BIBLER AN XIPS for 27 gold pieces
  8534 | D:8      | Bought a scroll labelled FYRHYFR WALUAPP for 27 gold pieces
  8534 | D:8      | Bought a lightning rod (4/4) for 810 gold pieces
  8650 | D:8      | Found a hazy altar of Hepliaklqana.
  8669 | D:8      | Reached skill level 5 in Fighting
  9487 | D:9      | Found a staircase to the Lair.
  9487 | D:9      | Noticed an elephant
  9518 | D:9      | Killed an elephant
  9703 | D:9      | Offered knowledge of Magic Dart by Vehumet.
  9703 | D:9      | Reached ** piety under Vehumet
  9704 | D:9      | Reached skill level 5 in Evocations
  9884 | D:10     | Entered Level 10 of the Dungeon
  9889 | D:10     | Noticed an obsidian statue
  9892 | D:10     | Found a glowing golden altar of the Shining One.
  9892 | D:10     | Found an ancient bone altar of Kikubaaqudgha.
  9913 | D:10     | Found a broken altar of Ashenzari.
  9939 | D:10     | Found an iron altar of Okawaru.
 10007 | D:10     | Reached skill level 9 in Ice Magic
 10018 | D:10     | Reached XP level 11. HP: 82/89 MP: 14/22
 10126 | D:10     | Found Luwk's Assorted Antiques.
 10355 | D:10     | Offered knowledge of Poisonous Vapours by Vehumet.
 10477 | D:10     | Noticed Urug
 10488 | D:10     | HP: 3/89 [Urug (2)]
 10490 | D:10     | Killed Urug
 10585 | D:10     | Noticed a two-headed ogre
 10596 | D:10     | Killed a two-headed ogre
 10721 | D:10     | Found a blossoming altar of Fedhas.
 10781 | D:10     | Found a sparkling altar of Nemelex Xobeh.
 10782 | D:10     | Found a white marble altar of Elyvilon.
 10912 | D:10     | Identified the ring of the Lobster {Fly rC- Will+ Str+6}
 10917 | D:10     | Identified the +4 dagger "Calicop" {antimagic, Str+2 Int+6}
 10918 | D:10     | Noticed a sun demon
 11317 | D:11     | Reached skill level 1 in Air Magic
 11446 | D:11     | Reached *** piety under Vehumet
 11594 | D:11     | Offered knowledge of Iskenderun's Mystic Blast by Vehumet.
 11661 | D:11     | Found a staircase to the Orcish Mines.
 12148 | D:11     | Reached **** piety under Vehumet
 12398 | D:11     | Noticed a four-headed hydra
 12427 | D:11     | Killed a four-headed hydra
 12589 | D:12     | Noticed a seven-headed hydra
 12597 | D:12     | Killed a seven-headed hydra
 12789 | D:12     | Noticed a white ugly thing
 12843 | D:12     | Killed a white ugly thing
 12906 | D:12     | Reached XP level 12. HP: 60/97 MP: 20/24
 12941 | D:12     | Noticed a two-headed ogre
 12950 | D:12     | Killed a two-headed ogre
 13085 | D:12     | Learned a level 4 spell: Sticky Flame
 13237 | D:12     | Noticed a seven-headed hydra
 13263 | D:12     | Killed a seven-headed hydra
 13443 | D:12     | Offered knowledge of Freezing Cloud by Vehumet.
 13450 | D:12     | Learned a level 5 spell: Freezing Cloud
 13583 | D:13     | Noticed an eight-headed hydra
 13584 | D:13     | Noticed a centaur warrior
 13588 | D:13     | Killed an eight-headed hydra
 13589 | D:13     | Killed a centaur warrior
 13809 | D:13     | Identified the +0 robe "Mirojoh" {Rampage}
 14008 | D:13     | Reached skill level 5 in Air Magic
 14133 | D:13     | Reached skill level 10 in Ice Magic
 14237 | D:13     | Noticed a boulder beetle
 14246 | D:13     | Killed a boulder beetle
 14307 | D:13     | Noticed a centaur warrior
 14315 | D:13     | Killed a centaur warrior
 14673 | Lair:1   | Entered Level 1 of the Lair of Beasts
 14967 | Lair:1   | Noticed Nergalle
 14975 | Lair:1   | Killed Nergalle
 15016 | Lair:1   | Noticed a seven-headed hydra
 15033 | Lair:1   | Killed a seven-headed hydra
 15250 | Lair:1   | Reached XP level 13. HP: 95/107 MP: 15/26
 15829 | Lair:2   | Reached ***** piety under Vehumet
 15831 | Lair:2   | Found a dark tunnel.
 15870 | Volcano  | Entered a volcano
 15903 | Volcano  | Offered knowledge of Yara's Violent Unravelling by Vehumet.
 16231 | Volcano  | Noticed a fire dragon
 16234 | Volcano  | Killed a fire dragon
 16235 | Volcano  | Reached skill level 10 in Spellcasting
 16614 | Lair:2   | Reached skill level 10 in Conjurations
 16737 | Lair:2   | Found a staircase to the Snake Pit.
 17384 | Lair:3   | Identified the +7 great mace of Karma {freeze, rN+++ Will-
                  | Int+9 Dex-4}
 18235 | Lair:4   | Identified 3 scrolls of acquirement
 18238 | Lair:4   | Acquired a +1 cloak of poison resistance
 18529 | Lair:4   | You fall into a shaft and drop 2 floors!
 18529 | Lair:6   | Entered Level 6 of the Lair of Beasts
 18556 | Lair:5   | Gained mutation: Your large and strong wings let you fly.
                  | [Black Draconian growth]
 18556 | Lair:5   | Reached XP level 14. HP: 33/115 MP: 28/28
 18622 | Lair:4   | Found a frozen archway.
 18640 | IceCv    | Entered an ice cave
 19169 | IceCv    | Noticed a frost giant
 19178 | IceCv    | Acquired the amulet "Ecsok" {Reflect -Tele Fly rF+++ Str-4
                  | SH+5}
 19181 | IceCv    | Reached skill level 11 in Ice Magic
 19196 | IceCv    | Killed a frost giant
 19204 | IceCv    | Reached skill level 10 in Air Magic
 19223 | IceCv    | Acquired a +0 kite shield of protection
 19358 | IceCv    | Identified the -5 pair of boots of the Vanishing Scars
                  | {rElec rF+}
 19544 | Lair:4   | Reached skill level 1 in Shields
 19789 | Lair:4   | Found a staircase to the Swamp.
 20047 | Lair:5   | Reached ****** piety under Vehumet
 20098 | Lair:5   | Acquired the ring of Xom's Bemusement {rF+ rN+ Slay+4}
 20362 | Lair:5   | Found a staircase to the Slime Pits.
 20494 | Lair:5   | Offered knowledge of Fireball by Vehumet.
 20507 | Lair:5   | Learned a level 5 spell: Fireball
 20542 | Lair:5   | Noticed Josephine
 20634 | Lair:5   | Killed Josephine
 21397 | Lair:6   | Reached XP level 15. HP: 119/121 MP: 22/30
 21554 | Lair:6   | Reached skill level 5 in Shields
 21559 | Lair:6   | Learned a level 4 spell: Iskenderun's Mystic Blast
 23106 | Snake:1  | Entered Level 1 of the Snake Pit
 23220 | Snake:1  | Found Kilacew's Antique Armour Boutique.
 23228 | Snake:1  | Bought a pair of glowing boots for 225 gold pieces
 23248 | Snake:1  | Found Zuibe's Antique Armour Boutique.
 23297 | Snake:1  | Offered knowledge of Iron Shot by Vehumet.
 23419 | Snake:1  | Got the Tome of Heat and Toxins
 23827 | Snake:1  | Identified the +4 chain mail of the Little Devil {rElec}
 24039 | Snake:1  | Reached skill level 12 in Ice Magic
 24222 | Snake:1  | Found a runed translucent gate.
 24222 | Snake:1  | Found a runed translucent gate.
 24222 | Snake:1  | Found a runed translucent gate.
 24224 | Snake:1  | Found an opulent altar of Gozag.
 24224 | Snake:1  | Found Riocut's Assorted Antiques.
 24226 | Snake:1  | Noticed Fek's ghost (adept GrBe)
 24849 | Snake:2  | Noticed a nagaraja
 24856 | Snake:2  | Killed a nagaraja
 25038 | Snake:2  | You are sucked into a shaft and drop 1 floor!
 25059 | Snake:3  | Reached XP level 16. HP: 109/132 MP: 10/32
 25139 | Snake:2  | Noticed Aizul
 25154 | Snake:2  | Killed Aizul
 25589 | Snake:2  | Found Johatuph's Distillery.
 26679 | Snake:3  | Offered knowledge of Spellforged Servitor by Vehumet.
 26794 | Snake:3  | Learned a level 4 spell: Airstrike
 27385 | Snake:4  | Entered Level 4 of the Snake Pit
 28024 | Snake:4  | Reached skill level 10 in Fighting
 28025 | Snake:4  | Reached XP level 17. HP: 119/140 MP: 7/33
 28029 | Snake:4  | Reached skill level 13 in Ice Magic
 28299 | Snake:4  | Reached skill level 10 in Evocations
 28746 | Snake:4  | Got a serpentine rune of Zot
 29027 | Swamp:1  | Entered Level 1 of the Swamp
 29027 | Swamp:1  | Noticed Donald
 29200 | Lair:4   | Killed Donald
 29506 | Swamp:1  | Noticed Frances
 29532 | Swamp:1  | Killed Frances
 29824 | Swamp:1  | Reached skill level 10 in Dodging
 30083 | Swamp:1  | Found the +3 warlock's mirror {reflect}
 30138 | Swamp:1  | Acquired a book of Flames
 30140 | Swamp:1  | Acquired a book of Rime
 30147 | Swamp:1  | Learned a level 4 spell: Ice Form
 30152 | Swamp:1  | Learned a level 4 spell: Summon Ice Beast
 30345 | Swamp:2  | Offered knowledge of Iskenderun's Battlesphere by Vehumet.
 31890 | Swamp:3  | Reached skill level 14 in Ice Magic
 32345 | Swamp:4  | Entered Level 4 of the Swamp
 33900 | Swamp:4  | Offered knowledge of Lightning Bolt by Vehumet.
 33914 | Swamp:4  | Reached XP level 18. HP: 77/151 MP: 20/35
 33939 | Swamp:4  | Noticed a bone dragon
 34545 | Lair:4   | Killed a bone dragon
 35129 | Swamp:4  | Reached skill level 15 in Ice Magic
 35158 | Swamp:4  | Got a decaying rune of Zot
 35455 | Orc:1    | Entered Level 1 of the Orcish Mines
 35642 | Orc:1    | Noticed Fannar
 35664 | Orc:1    | Killed Fannar
 35899 | Orc:2    | Entered Level 2 of the Orcish Mines
 36358 | Orc:2    | Found a staircase to the Elven Halls.
 36388 | Orc:2    | Offered knowledge of Maxwell's Capacitive Coupling by
                  | Vehumet.
 36441 | Orc:2    | Found Viecirir's Assorted Antiques.
 36441 | Orc:2    | Found Hionwila's Weapon Emporium.
 36442 | Orc:2    | Found Simul's Antique Weapon Shoppe.
 36453 | Orc:2    | Found Sanki's Magic Scroll Shoppe.
 36467 | Orc:2    | Bought a scroll of amnesia for 52 gold pieces
 36467 | Orc:2    | Bought a scroll of magic mapping for 52 gold pieces
 36467 | Orc:2    | Bought a scroll of amnesia for 52 gold pieces
 36467 | Orc:2    | Bought a scroll of immolation for 52 gold pieces
 36781 | Elf:1    | Entered Level 1 of the Elven Halls
 37054 | Elf:1    | Shot with an arrow by something

Illustrated notes

Levels and vault maps discovered:
D:1:      lightli_arrival_lavapool, layout_rooms, serial_shops,
          nicolae_diamond_shop, minmay_vboxes
D:2:      layout_basic
D:3:      layout_rooms, nicolae_qazlal_general_emergency,
          nicolae_ru_great_annihilating_truth, mainiacjoe_overflow_brackets,
          kennysheep_potato, uniq_sigmund, uniq_grinder
D:4:      layout_gridville, serial_shops, shop, shop_statue, chequers_avenue,
          uniq_robin, uniq_ijyb
D:5:      layout_basic, temple_statues, uniq_blork_the_orc
D:6:      layout_loops_cross, lemuel_crystal_altar, xom_butterflies,
          serial_shops, nicolae_inconvenience_store
D:7:      layout_basic, enter_bailey_2, minmay_small_thing, uniq_pikel,
          uniq_prince_ribbit1
D:8:      layout_rooms, mainiacjoe_overflow_24_doors, serial_shops,
          nicolae_shop_overgrown_old_shop, item_on_display_a
D:9:      layout_cross, david_lair_generic
D:10:     layout_stronghold, general_overflow_altar,
          mainiacjoe_overflow_concentric_impassable,
          gammafunk_temple_overflow_pools, gammafunk_temple_overflow_wave,
          nicolae_ashenzari_skybound, serial_shops, nicolae_shop_waterfront,
          kb_lookout_dungeons_type, minmay_protected_statue, uniq_urug
D:11:     layout_roguey, hiddenorc2_lemuel
D:12:     layout_roguey
D:13:     layout_roguey, wad_mini_maze
Temple:   compressed_dpeg_triangle_lava_temple
Lair:1:   layout_regular_city, st_stairs_4, chequers_serial_rivers_micro_c,
          grunt_megastairs_3, lemuel_fruit_fields, uniq_nergalle
Lair:2:   layout_loops_ring, dummy_snake_entry, nicolae_volcano_entry_two_sided
Lair:3:   layout_loops_ring, lemuel_fruit_tree, grunt_megastairs_2
Lair:4:   statuecave_lemuel, layout_gridlike,
          nicolae_swamp_entry_splash_gauntlet, portal_ice_cave_rime,
          grunt_megastairs_1
Lair:5:   cheibrodos_lair_river_kwai, layout_cave_pods, dpeg_slime_entry_corner,
          uniq_josephine
Lair:6:   due_jungle_book, layout_gridlike, st_stairs_9
Swamp:1:  layout_basic_swamp, nicolae_swamp_oxbows, uniq_frances, uniq_donald
Swamp:2:  layout_basic_swamp, evilmike_swamp_ruin_house_2, swamp_pool2,
          nicolae_swamp_necromancer_hut
Swamp:3:  layout_basic_swamp, evilmike_swamp_ruin_rubble_1
Swamp:4:  swamp_pestilence, layout_basic_swamp, swamp_pool4,
          nicolae_swamp_wisp_ring_woods
Snake:1:  layout_layer_cave, ebering_ghost_gozag, nicolae_snake_salamander_zone,
          minmay_shop_star
Snake:2:  nicolae_aizul_guard, layout_onion, serial_shops, nicolae_shop_crystal,
          st_stairs_11
Snake:3:  layout_rooms, st_stairs_9
Snake:4:  johnstein_snake_rune_scales, layout_misc_corridors
Orc:1:    layout_caves, nicolae_orc_rockfall, uniq_fannar
Orc:2:    st_orc_mages, layout_caves
Elf:1:    layout_loops_corners, basic_altar, serial_shops, bzr_entry_lakeside,
          hangedman_elf_disciples, roderic_lattice_octagonal_star, uniq_aizul

Skill      XL: |  1  2  3  4  5  6  7  8  9 10 11 12 13 14 15 16 17 18 |
---------------+-------------------------------------------------------+-----
Stealth        | 2 |  2.0
Dodging        | 2 3 4 5 6 7 8 9 10 11 | 11.3
Fighting       | 1 2 3 4 5 6 7 8 9 10 11 | 11.0
Staves         | 1 3 4 |  4.9
Spellcasting   | 3 4 5 6 7 8 9 10 11 12 13 | 13.1
Ice Magic      | 5 6 7 9 10 11 12 14 15 | 15.4
Evocations     | 1 2 3 4 5 6 7 8 9 10 | 10.1
Conjurations   | 2 3 5 7 8 9 10 11 12 13 | 13.4
Polearms       | 1 |  1.1
Short Blades   | 1 |  1.3
Air Magic      | 3 6 9 10 11 12 | 12.1
Shields        | 4 6 8 9 |  9.1

Action                   |  1- 3 |  4- 6 |  7- 9 | 10-12 | 13-15 | 16-18 || total
-------------------------+-------+-------+-------+-------+-------+-------++-------
Melee: Flail             |    52 |       |       |       |       |       ||    52
       Tailslap          |     7 |     3 |    36 |    50 |    64 |    52 ||   212
       Unarmed           |     1 |       |       |       |       |       ||     1
       Spear             |    33 |       |       |       |       |       ||    33
       Staff             |    25 |    26 |       |   199 |   603 |   441 ||  1294
       Scythe            |       |    16 |    70 |       |       |       ||    86
       Short sword       |       |       |   221 |   112 |       |       ||   333
 Cast: Freeze            |    37 |     2 |    36 |    28 |    16 |    36 ||   155
       Frozen Ramparts   |     1 |     7 |    40 |    72 |    98 |    57 ||   275
       Ozocubu's Armour  |     1 |     7 |    43 |    95 |   100 |   109 ||   355
       Hailstorm         |       |       |     1 |    19 |    31 |    36 ||    87
       Sticky Flame      |       |       |       |     7 |    47 |    42 ||    96
       Freezing Cloud    |       |       |       |     5 |    63 |   168 ||   236
       Fireball          |       |       |       |       |     8 |    27 ||    35
       Iskenderun's Myst |       |       |       |       |     7 |    14 ||    21
       Airstrike         |       |       |       |       |       |    75 ||    75
       Summon Ice Beast  |       |       |       |       |       |    24 ||    24
       Ice Form          |       |       |       |       |       |     1 ||     1
 Abil: Breathe Lightning |       |       |       |    13 |    14 |    12 ||    39
Evoke: Wand              |       |     5 |    19 |    18 |    11 |    73 ||   126
       Lightning rod     |       |       |       |     7 |       |     8 ||    15
       Phantom mirror    |       |       |       |     1 |       |       ||     1
  Use: Potion            |     5 |     2 |       |     4 |     5 |    10 ||    26
       Scroll            |     2 |     1 |     7 |    11 |    15 |    15 ||    51
 Stab: Sleeping          |     6 |     2 |     3 |     4 |       |       ||    15
       Paralysed         |       |     1 |       |       |       |       ||     1
       Distracted        |       |       |       |       |       |     2 ||     2
Armor: Skin              |    62 |    22 |   137 |   251 |   396 |   337 ||  1205
Dodge: Dodged            |   130 |    44 |   263 |   315 |   482 |   378 ||  1612
       Repelled          |       |       |       |     4 |     2 |       ||     6
Block: Buckler           |       |       |    34 |    69 |   261 |   490 ||   854
       Kite shield       |       |       |       |       |    55 |       ||    55
       Tower shield      |       |       |       |       |     7 |       ||     7
       Reflection        |       |       |       |       |    20 |    64 ||    84
